 Dungeon Crawl Stone Soup version 0.28-a0-1143-gcf6077d4cc (webtiles) character file.

Game seed: 100860253094088334

12685 Armakuni the Reanimator (level 12, -8/86 HPs)
             Began as a Human Necromancer on Dec 12, 2021.
             Mangled by a white ugly thing (17 damage)
             ... on level 11 of the Dungeon on Dec 13, 2021.
             The game lasted 00:38:29 (16480 turns).

Armakuni the Reanimator (Human Necromancer)        Turns: 16480, Time: 00:38:29

Health: -8/86      AC:  8    Str: 13    XL:     12   Next: 23%
Magic:  4/23       EV: 13    Int: 17    God:
Gold:   690        SH:  6    Dex: 19    Spells: 11/26 levels left

rFire   + . .      SeeInvis .   a - +1 whip (elec)
rCold   + . .      Faith    .   n - +0 buckler
rNeg    . . .      Spirit   .   q - +3 leather armour
rPois   .          Reflect  .   (no helmet)
rElec   .          Harm     .   j - scarf {rC+ rF+}
rCorr   .          Rampage  .   w - +1 pair of gloves
Will    .....                   (no boots)
Stlth   ++........              R - amulet of regeneration
HPRegen 1.04/turn               L - ring of flight
MPRegen 0.18/turn               D - +6 ring of dexterity

@: flying
A: no striking features
a: no special abilities


You were on level 11 of the Dungeon.
You visited 2 branches of the dungeon, and saw 13 of its levels.

You collected 690 gold pieces.

Inventory:

Hand Weapons
 a - a +1 whip of electrocution (weapon)
Missiles
 u - a throwing net
Armour
 d - a +0 plate armour
 j - a scarf of resistance (worn)
 n - a +0 buckler (worn)
 q - a +3 leather armour (worn)
 w - a +1 pair of gloves (worn)
Magical Staves
 e - a staff of air
Jewellery
 D - a +6 ring of dexterity (right hand)
 J - a ring of ice
 L - a ring of flight (left hand)
 R - an amulet of regeneration (around neck)
Wands
 c - a wand of charming (2)
 k - a wand of digging (19)
 p - a wand of polymorph (5)
Scrolls
 g - a scroll of noise
 r - a scroll of fear
 t - 2 scrolls of teleportation
 v - 2 scrolls of fog
Potions
 b - a potion of attraction {unknown}
 f - 3 potions of lignification
 m - a potion of curing
 o - a potion of haste
 s - a potion of magic {unknown}
Miscellaneous
 l - a lightning rod (inert)


   Skills:
 - Level 5.0 Fighting
 - Level 5.0 Maces & Flails
 - Level 4.0 Armour
 - Level 4.0 Dodging
 - Level 2.0 Stealth
 - Level 4.0 Shields
 + Level 7.8 Spellcasting
 + Level 12.2 Necromancy
 - Level 5.0 Earth Magic
 - Level 5.0 Evocations


You had 11 spell levels left.
You knew the following spells:

 Your Spells              Type           Power      Damage    Failure   Level
a - Pain                  Necr           100%       1d9       1%          1
c - Death Channel         Necr           24%        N/A       13%         6
r - Borgnjor's Vile Clut  Necr/Erth      18%        N/A       11%         5
z - Vampiric Draining     Necr           48%        2d9       1%          3

Your spell library contained the following spells:

 Spells                   Type           Power      Damage    Failure   Level
 Animate Skeleton         Necr           96%        N/A       1%          1
 Animate Dead             Necr           24%        N/A       1%          4
 Agony                    Necr           48%        N/A       2%          5
 Beastly Appendage        Tmut           12%        N/A       13%         1
 Wereblood                Tmut           6%         N/A       21%         2
 Spider Form              Tmut/Pois      6%         N/A       36%         3
 Tukima's Dance           Hex            6%         N/A       36%         3
 Passage of Golubria      Tloc           6%         N/A       78%         4
 Yara's Violent Unravell  Hex/Tmut       3%         3d4       98%         5


Dungeon Overview and Level Annotations

Branches:
Dungeon (12/15)            Temple (1/1) D:5            Lair (0/6) D:8
    Orc: D:9-12

Altars:
Ashenzari
Cheibriados
Dithmenos
Elyvilon
Fedhas
Gozag
Hepliaklqana
Kikubaaqudgha
Makhleb
Nemelex Xobeh
Okawaru
Qazlal
Ru
Sif Muna
Trog
Uskayaw
Vehumet
Wu Jian
Xom
Yredelemnul
Zin
The Shining One

Annotations:
D:5 1 runed translucent door
D:12 Jorgrun


Message History

The white ugly thing trunk-slaps you! The white ugly thing freezes you!
You resist.
The zombie hands constrict the white ugly thing!
The white ugly thing struggles to escape constriction.
The zombie hands constrict the white ugly thing!
The white ugly thing escapes!
Casting: Borgnjor's Vile Clutch (dangerous; 11% risk of failure)
Confirm with . or Enter, or press ? or * to list all spells.
Aiming: Borgnjor's Vile Clutch (dangerous; 11% risk of failure)
Press: ? - help, Shift-Dir - straight line, f/p - white ugly thing
Aim: a white ugly thing (moderately wounded, 100% to hit)
Zombie hands grab the white ugly thing.
The zombie hands constrict the white ugly thing.
The white ugly thing struggles to escape constriction.
The zombie hands constrict the white ugly thing.
The white ugly thing escapes!
Casting: Borgnjor's Vile Clutch (dangerous; 11% risk of failure)
Confirm with . or Enter, or press ? or * to list all spells.
Aiming: Borgnjor's Vile Clutch (dangerous; 11% risk of failure)
Press: ? - help, Shift-Dir - straight line, f/p - white ugly thing
Aim: a white ugly thing (moderately wounded, 100% to hit)
Zombie hands grab the white ugly thing.
The zombie hands constrict the white ugly thing.
The white ugly thing trunk-slaps you but does no damage.
The zombie hands constrict the white ugly thing!
The white ugly thing escapes!
The white ugly thing trunk-slaps you! The white ugly thing freezes you!
You resist.
* * * LOW HITPOINT WARNING * * *
Casting: Borgnjor's Vile Clutch (dangerous; 11% risk of failure)
Confirm with . or Enter, or press ? or * to list all spells.
Aiming: Borgnjor's Vile Clutch (dangerous; 11% risk of failure)
Press: ? - help, Shift-Dir - straight line, f/p - white ugly thing
Aim: a white ugly thing (heavily wounded, 100% to hit)
Zombie hands grab the white ugly thing.
The zombie hands constrict the white ugly thing!
The white ugly thing trunk-slaps you!
* * * LOW HITPOINT WARNING * * *
The white ugly thing freezes you! You resist.
You die...

........########..#.........≈≈≈≈♣
........# #..#........≈≈≈≈P♣
........# #..#........≈≈≈≈.♣
....##..########..#........≈≈≈≈PP
....##......(.....'.........≈≈≈≈.
..................#.......#.≈≈≈≈≈
..................#.......#..≈≈≈≈
..................#...........≈≈≈
................@u##########....≈
.......##'########.........#.....
......<#.........#.........#.....
......)#.........#.........#.....
.......#.........#.........#.....
.......#.........#...>.....#.....
.......#.........#.........'.....
##.....#.........#.........#.....
##.....#.........#.........#.....


You could see a white ugly thing (clutched).

Vanquished Creatures
  Fannar (D:10)
  Erolcha (D:12)
  2 two-headed ogres
  Nergalle (D:11)
  A kobold demonologist (D:10)
  2 trolls
  Sigmund (D:2)
  A wraith (D:9)
  17 yaks
  A fire bat (D:9)
  3 wyverns
  Grum (D:9)
  An acid dragon (D:8)
  An ice beast (D:6)
  6 water moccasins
  Duvessa (D:7)
  2 orc warriors
  4 black bears
  A hornet zombie (D:6)
  3 ogres
  7 wolves
  3 centaurs
  A phantom (D:6)
  3 kobold brigands
  2 wyvern zombies
  A bullfrog (D:6)
  A scorpion (D:5)
  2 water moccasin zombies
  Dowan (D:7)
  A water moccasin skeleton (D:6)
  13 killer bees
  A howler monkey (D:6)
  A bullfrog zombie (D:6)
  A jelly (D:3)
  10 centaur zombies
  A gnoll shaman (D:3)
  3 orc priests (D:6)
  3 hounds
  A bullfrog skeleton (D:4)
  2 iguanas (D:6)
  Ijyb (D:3)
  6 orc wizards
  2 killer bee zombies
  A hound zombie (D:5)
  3 howler monkey zombies (D:9)
  4 gnolls
  5 adders
  A river rat (D:3)
  A shadow imp (D:6)
  A white imp (D:7)
  An ufetubus (D:3)
  2 worms
  4 dart slugs
  19 orcs
  9 endoplasms
  5 giant cockroaches
  11 goblins
  7 hobgoblins
  7 quokkas
  5 ball pythons
  12 bats
  3 frilled lizards
  17 kobolds
  7 rats
243 creatures vanquished.

Vanquished Creatures (collateral kills)
  An acid dragon (D:11)
  An orc (D:11)
2 creatures vanquished.

Vanquished Creatures (others)
  2 fungi (D:8)
  5 plants (D:8)
  7 withered plants (D:5)
14 creatures vanquished.

Grand Total: 259 creatures vanquished

Notes
Turn   | Place    | Note
-------+----------+-------------------------------------------
     0 | D:1      | Armakuni the Human Necromancer began the quest for the Orb.
     0 | D:1      | Reached XP level 1. HP: 13/13 MP: 3/3
   257 | D:1      | Reached XP level 2. HP: 17/20 MP: 1/5
  1038 | D:1      | Reached skill level 1 in Fighting
  1232 | D:1      | Reached XP level 3. HP: 23/26 MP: 3/6
  1375 | D:1      | Found a faded altar of an unknown god.
  1625 | D:2      | Learned a level 3 spell: Vampiric Draining
  1794 | D:2      | Reached skill level 1 in Maces & Flails
  1857 | D:2      | You fall into a shaft and drop 2 floors!
  1883 | D:4      | Noticed an ogre
  1916 | D:3      | Reached XP level 4. HP: 18/33 MP: 0/7
  2237 | D:2      | Noticed Sigmund
  2252 | D:2      | Killed Sigmund
  2253 | D:2      | Reached skill level 5 in Necromancy
  2253 | D:2      | Reached XP level 5. HP: 38/41 MP: 4/8
  2253 | D:2      | Reached XP level 6. HP: 44/47 MP: 4/9
  2727 | D:2      | Learned a level 5 spell: Borgnjor's Vile Clutch
  3601 | D:3      | Noticed Ijyb
  3608 | D:3      | Paralysed by Ijyb for 4 turns
  3615 | D:3      | Killed Ijyb
  3729 | D:3      | Found an ornate altar of the Wu Jian Council.
  4544 | D:4      | Noticed a black bear
  4554 | D:3      | Reached XP level 7. HP: 18/52 MP: 0/10
  5508 | D:4      | Reached skill level 6 in Necromancy
  5797 | D:4      | Found a white marble altar of Elyvilon.
  5798 | D:4      | Found a glowing silver altar of Zin.
  5799 | D:4      | Found a hazy altar of Hepliaklqana.
  5799 | D:4      | Found a shadowy altar of Dithmenos.
  5815 | D:5      | Entered Level 5 of the Dungeon
  5815 | D:5      | Noticed a water moccasin
  5818 | D:5      | Killed a water moccasin
  5819 | D:5      | Reached XP level 8. HP: 61/61 MP: 11/11
  5966 | D:5      | Found a staircase to the Ecumenical Temple.
  5998 | Temple   | Entered the Ecumenical Temple
  6443 | D:5      | Reached skill level 5 in Fighting
  6443 | D:5      | Reached skill level 5 in Maces & Flails
  6443 | D:5      | Reached skill level 7 in Necromancy
  6704 | D:5      | Found an ancient bone altar of Kikubaaqudgha.
  6769 | D:5      | Found a runed translucent door.
  7060 | D:6      | Reached skill level 1 in Shields
  7517 | D:6      | Reached XP level 9. HP: 33/68 MP: 0/12
  7802 | D:6      | Reached skill level 8 in Necromancy
  8280 | D:6      | Reached skill level 1 in Evocations
  8581 | D:6      | Found a snail-covered altar of Cheibriados.
  9166 | D:7      | Reached skill level 9 in Necromancy
  9741 | D:7      | Noticed Duvessa
  9744 | D:7      | Noticed Dowan
  9773 | D:7      | Killed Duvessa
  9777 | D:7      | Killed Dowan
 10314 | D:7      | Reached XP level 10. HP: 61/74 MP: 9/13
 10452 | D:7      | Reached skill level 5 in Evocations
 10567 | D:8      | Reached skill level 10 in Necromancy
 10743 | D:8      | Reached skill level 1 in Earth Magic
 11030 | D:8      | Found a staircase to the Lair.
 11633 | D:9      | Found a basalt altar of Yredelemnul.
 11649 | D:9      | Reached skill level 1 in Armour
 11753 | D:9      | Noticed Grum
 12088 | D:9      | Killed Grum
 12392 | D:9      | Found a burning altar of Makhleb.
 12426 | D:9      | Identified a scroll of acquirement
 12426 | D:9      | Acquired a scarf of resistance
 12500 | D:8      | Reached skill level 5 in Earth Magic
 12779 | D:9      | Reached XP level 11. HP: 79/79 MP: 17/17
 13153 | D:8      | Reached skill level 5 in Spellcasting
 13600 | D:9      | Found a shimmering blue altar of Sif Muna.
 13798 | D:9      | Noticed Psyche
 13800 | D:9      | Noticed Psyche
 13800 | D:9      | Psyche changed into Psyche the fire bat
 13806 | D:9      | Killed Psyche the fire bat
 13898 | D:10     | Entered Level 10 of the Dungeon
 14064 | D:10     | Reached skill level 11 in Necromancy
 14279 | D:10     | Noticed Fannar
 14312 | D:10     | Killed Fannar
 14813 | D:10     | Learned a level 6 spell: Death Channel
 15038 | D:11     | Noticed a two-headed ogre
 15058 | D:11     | Found a blossoming altar of Fedhas.
 15195 | D:10     | Killed a two-headed ogre
 15389 | D:11     | Found a frozen archway.
 15540 | D:11     | Noticed a two-headed ogre
 15555 | D:11     | Killed a two-headed ogre
 15556 | D:11     | Reached XP level 12. HP: 80/86 MP: 6/22
 15620 | D:11     | Noticed Nergalle
 15682 | D:11     | Killed Nergalle
 15683 | D:11     | Reached skill level 12 in Necromancy
 16085 | D:12     | Noticed Jorgrun
 16094 | D:12     | Noticed Erolcha
 16184 | D:12     | Upgraded the game from 0.28-a0-1130-gc51a68064b to
                  | 0.28-a0-1143-gcf6077d4cc
 16368 | D:12     | Killed Erolcha
 16480 | D:11     | Mangled by a white ugly thing

Illustrated notes

Levels and vault maps discovered:
D:1:      lightli_arrival_quake, layout_loops_ring, basic_ecumenical_altar,
          minmay_pentomino_x4
D:2:      layout_rooms, st_stairs_11, minmay_unequal, uniq_sigmund
D:3:      layout_loops_corners, nicolae_wu_jian_wuxing_cycle,
          portal_sewer_entry_b, hangedman_abyss_or_decor_stabs,
          roderic_roman_lattice, minmay_misc_feat_rows, uniq_ijyb
D:4:      layout_rooms, mainiacjoe_overflow_alcove_3
D:5:      layout_basic, kiku_gazebo_garden_becter, temple_pool_b, st_stairs_8,
          minivault_11, hex_intersection, lightli_church_of_beogh
D:6:      layout_loops_ring, mainiacjoe_overflow_alcove_4, st_stairs_1
D:7:      layout_rooms, uniq_duvessa
D:8:      layout_basic, minmay_lair_entry_grove
D:9:      layout_layer_cave, nicolae_yredelemnul_corpse_copse, led_sif_pool,
          mainiacjoe_overflow_tiny_flanked, uniq_psyche, uniq_grum
D:10:     layout_irregular_city, enter_bailey_5, uniq_fannar
D:11:     layout_stronghold, portal_ice_cave_entry_pillars_1,
          fedhas_ov_isle_minmay, uniq_nergalle
D:12:     layout_basic, david_orc_5, uniq_jorgrun, uniq_josephine, uniq_erolcha
Temple:   minmay_temple_forest_path

Skill      XL: |  1  2  3  4  5  6  7  8  9 10 11 12 |
---------------+-------------------------------------+-----
Fighting       | 1 3 4 5 |  5.0
Maces & Flails | 1 2 3 4 5 |  5.0
Necromancy     | 5 6 7 9 10 11 12 | 12.2
Shields        | 3 4 |  4.0
Evocations     | 4 5 |  5.0
Spellcasting   | 4 7 |  7.8
Earth Magic    | 5 |  5.0
Armour         | 3 4 |  4.0
Dodging        | 3 4 |  4.0
Stealth        | |  2.0

Action                   |  1- 3 |  4- 6 |  7- 9 | 10-12 || total
-------------------------+-------+-------+-------+-------++-------
Melee: Whip              |    21 |   153 |   323 |   478 ||   975
 Cast: Pain              |    40 |    25 |    21 |     4 ||    90
       Vampiric Draining |     1 |     9 |    48 |    88 ||   146
       Borgnjor's Vile C |       |       |       |    23 ||    23
Evoke: Wand              |       |       |    11 |    10 ||    21
       Lightning rod     |       |       |       |     4 ||     4
  Use: Scroll            |     3 |     4 |     6 |     5 ||    18
       Potion            |       |       |     3 |     1 ||     4
 Stab: Sleeping          |     3 |     3 |     6 |     3 ||    15
Armor: Robe              |    10 |    21 |    22 |       ||    53
       Leather armour    |       |       |    30 |   194 ||   224
Dodge: Dodged            |    21 |    98 |   190 |   332 ||   641
Block: Buckler           |       |       |    35 |   161 ||   196

Table legend: (Time is in decaauts)
 A = Elapsed time spent in this place.
 B = Non-inter-level travel time spent in this place.
 C = Inter-level travel time spent in this place.
 D = Time resting spent in this place.
 E = Time spent auto-exploring this place.
 F = Levels seen in this place.
 G = Mean time per level.
                   A        B        C        D        E       F      G
               +--------+--------+--------+--------+--------+-----+--------+
         Total |  16395 |  15850 |    545 |   3979 |   8220 |  13 | 1261.2 |
       Dungeon |  16055 |  15543 |    512 |   3979 |   7928 |  12 | 1337.9 |
        Temple |    339 |    306 |     33 |      0 |    292 |   1 |  339.0 |
               +--------+--------+--------+--------+--------+-----+--------+

Top non-repeatable levels by time:
     D:6: 2125 daAuts
     D:3: 1935 daAuts
     D:8: 1799 daAuts
     D:1: 1593 daAuts
     D:9: 1527 daAuts
     D:2: 1333 daAuts
    D:10: 1266 daAuts
    D:11: 1232 daAuts
     D:7: 1153 daAuts
     D:5: 1072 daAuts
     D:4: 946 daAuts
  Temple: 339 daAuts
    D:12: 69 daAuts
